 Dungeon Crawl Stone Soup version 0.28-a0-723-g095bd1b44f (webtiles) character file.

Game seed: 3270138458574582577

3963 pokeman the Thaumaturge (level 10, -10/56 HPs)
             Began as a Deep Elf Hedge Wizard on Oct 25, 2021.
             Was a Follower of Vehumet.
             Hit by a large rock thrown by a cyclops (31 damage)
             ... on level 6 of the Dungeon.
             The game lasted 00:18:03 (8907 turns).

pokeman the Thaumaturge (Deep Elf Hedge Wizard)     Turns: 8907, Time: 00:18:05

Health: -10/56     AC:  7    Str: 11    XL:     10   Next: 2%
Magic:  20/28      EV: 13    Int: 23    God:    Vehumet [*.....]
Gold:   391        SH:  0    Dex: 14    Spells: 18/34 levels left

rFire   . . .      SeeInvis .   D - +4 spear "Sousuko" {drain, Fly Str+4}
rCold   + . .      Faith    .   (no shield)
rNeg    . . .      Spirit   .   t - +0 steam dragon scales
rPois   .          Reflect  .   c - +0 hat
rElec   .          Harm     .   p - +0 cloak
rCorr   .          Rampage  .   (no gloves)
Will    +....                   m - +0 pair of boots
Stlth   ++........              (no amulet)
HPRegen 0.18/turn               k - ring of protection from cold
MPRegen 0.21/turn               (no ring)

@: flying, studying Polearms
A: no striking features
a: Renounce Religion


You were on level 6 of the Dungeon.
You worshipped Vehumet.
Vehumet was aware of your devotion.
You visited 2 branches of the dungeon, and saw 8 of its levels.

You collected 391 gold pieces.

Inventory:

Hand Weapons
 i - a +2 dagger of electrocution
 o - a +2 quarterstaff of chaos
 s - a +0 shortbow
 D - the +4 spear "Sousuko" (weapon) {drain, Fly Str+4}
   (You took it off a gnoll on level 7 of the Dungeon)

   A truly terrible weapon, it drains the life of any living foe it strikes.
   Str:       It affects your strength (+4).
   Fly:       It grants you flight.
Missiles
 e - 79 arrows
 l - 68 bolts
 v - 2 throwing nets
Armour
 c - a +0 hat (worn)
 m - a +0 pair of boots (worn)
 p - a +0 cloak (worn)
 t - +0 steam dragon scales (worn)
 A - a +0 buckler
Jewellery
 k - a ring of protection from cold (left hand)
Wands
 u - a wand of flame (20)
 B - a wand of paralysis (5)
 E - a wand of iceblast (10)
Scrolls
 a - a scroll of enchant weapon {unknown}
 d - 2 scrolls of magic mapping {unknown}
 f - 5 scrolls of identify {unknown}
 n - a scroll of torment {unknown}
 r - a scroll of enchant armour {unknown}
 x - a scroll of teleportation {unknown}
 y - 2 scrolls of blinking {unknown}
 C - a scroll of fear {unknown}
Potions
 b - a potion of curing {unknown}
 g - a potion of brilliance {unknown}
 h - a potion of cancellation {unknown}
 j - a potion of lignification {unknown}
 q - 2 potions of might {unknown}
 w - a potion of attraction {unknown}
 z - a potion of berserk rage {unknown}


   Skills:
 + Level 3.4 Fighting
 - Level 3.0 Armour
 - Level 4.0 Dodging
 - Level 3.0 Stealth
 * Level 12.5 Spellcasting
 + Level 7.0 Conjurations
 - Level 1.1 Summonings
 - Level 1.1 Translocations
 + Level 6.3 Fire Magic
 - Level 1.1 Air Magic
 - Level 1.0 Poison Magic
 - Level 1.0 Evocations


You had 18 spell levels left.
You knew the following spells:

 Your Spells              Type           Power      Damage    Failure   Level
a - Magic Dart            Conj           100%       1d8       1%          1
b - Mephitic Cloud        Conj/Pois/Air  28%        N/A       3%          3
c - Call Imp              Summ           19%        N/A       4%          2
d - Blink                 Tloc           38%        N/A       4%          2
e - Conjure Flame         Conj/Fire      45%        6-21      1%          3
f - Foxfire               Conj/Fire      100%       2x1d9     1%          1
g - Flame Wave            Conj/Fire      45%        3d9       2%          4

Your spell library contained the following spells:

 Spells                   Type           Power      Damage    Failure   Level
 Shock                    Conj/Air       100%       1d9       1%          1
 Inner Flame              Hex/Fire       29%        N/A       3%          3
 Slow                     Hex            14%        N/A       7%          2


Dungeon Overview and Level Annotations

Branches:
Dungeon (7/15)             Temple (1/1) D:6

Altars:
Cheibriados
Fedhas
Hepliaklqana
Kikubaaqudgha
Makhleb
Vehumet
Wu Jian
Zin

Annotations:
D:6 Maggie


Message History

Confirm with . or Enter, or press ? or * to list all spells.
Casting: Flame Wave (dangerous; 2% risk of failure)
Press: ? - help, Dir - look around, f - activate A wave of flame ripples out!
The flame wave engulfs the shadow imp!!
You kill the shadow imp!
Vehumet accepts your kill. (Press . to intensify the flame waves.)
You hear two shouts!
A wave of flame ripples out!
The flame wave engulfs the shadow!
The shadow is heavily damaged.
The flame wave engulfs the bush!!
The bush is on fire!
The bush is lightly damaged.
The flame wave engulfs the orc!
You kill the orc!
Vehumet accepts your kill.
Unknown command.
A wave of flame ripples out!
The flame wave engulfs the shadow!
The shadow is almost destroyed.
The flame wave engulfs the bush!
The bush is on fire!
The bush is moderately damaged.
The flame wave engulfs Maggie!
Maggie is moderately wounded.
The flame wave engulfs the bush!
The bush is on fire!
The bush is lightly damaged.
The flame wave engulfs the cyclops!
The cyclops is moderately wounded.
The flame wave engulfs the komodo dragon.
The komodo dragon is lightly wounded.
The flame wave engulfs the bush.
The bush is on fire!
The bush is lightly damaged.
You finish channelling waves of flame.
The bush is engulfed in blazing flames.
The shadow slips into darkness.
The shadow flickers and vanishes!
Deactivating autopickup; reactivate with Ctrl-A.
An orc warrior comes into view.
It is wielding a +0 war axe and quivering boomerangs of dispersal.
Maggie points at you and mumbles some strange words.
The bolt of fire hits you!
The cyclops throws a large rock.
The large rock hits you!!
Ouch! That really hurt!
You die...

........#...............
....o...#...........#### ###
O.......#######.###.### ..#
.C......# #...........## ⌠.#
..l.....# #.###.###..... ..#
.....C.l# #.# #.# ###.## ..#
..W..Z{@###.###.# ###.#
#'##############'#.......###.#.#
.......#P.P.P.P.@###(###.##....#
.......#.........# #.###.......#
.......#.........# #<..........#
.......'.P.P.P.P.# #####.###.###
################### #.# #.#
.....# #..# #.# #.# #.#
###..####..# #.# #.# #.#
#........# #.######.# #.#
##.#####.######.......>###.#


You could see Maggie, a cyclops, a komodo dragon and an orc warrior.

Vanquished Creatures
  A gargoyle (D:6)
  Sigmund (D:3)
  A shadow (D:7)
  3 steam dragons
  Menkaure (D:5)
  4 water moccasins
  Duvessa (D:7)
  A sky beast (D:6)
  A black bear (D:5)
  A necrophage (D:6)
  2 ogres
  2 centaurs
  A phantom (D:5)
  4 bullfrogs
  A scorpion (D:5)
  Dowan (D:7)
  The ghost of KoroneIsBestGirl the Covered, a weakling BaFi of Jiyva (D:3)
  3 wights (D:7)
  A crimson imp (D:5)
  A bullfrog zombie (D:5)
  A centaur zombie (D:5)
  A jelly (D:6)
  A gnoll shaman (D:7)
  3 bullfrog skeletons
  4 hounds
  4 orc priests
  Crazy Yiuf (D:3)
  3 centaur skeletons
  4 iguanas
  3 orc wizards
  2 hound zombies (D:5)
  2 hound skeletons
  9 gnolls
  8 adders
  A shadow imp (D:6)
  A white imp (D:7)
  An ufetubus (D:5)
  An adder skeleton (D:4)
  A worm (D:2)
  4 dart slugs
  16 orcs
  8 ball pythons
  2 bat zombies (D:6)
  9 endoplasms
  3 giant cockroaches (D:1)
  8 goblins
  9 hobgoblins
  7 jackals
  8 kobolds
  3 quokkas
  5 bats
  7 frilled lizards
  A quokka skeleton (D:4)
  7 rats
  2 rat zombies (D:6)
182 creatures vanquished.

Vanquished Creatures (collateral kills)
  2 foxfires (D:2)
2 creatures vanquished.

Vanquished Creatures (others)
  519 foxfires
  35 plants (D:2)
554 creatures vanquished.

Grand Total: 738 creatures vanquished

Notes
Turn   | Place    | Note
-------+----------+-------------------------------------------
     0 | D:1      | pokeman the Deep Elf Hedge Wizard began the quest for the
                  | Orb.
     0 | D:1      | Reached XP level 1. HP: 10/10 MP: 7/7
   362 | D:1      | Reached XP level 2. HP: 16/16 MP: 6/9
   853 | D:1      | Reached skill level 5 in Spellcasting
  1040 | D:1      | Reached XP level 3. HP: 20/20 MP: 4/11
  1657 | D:2      | Learned a level 1 spell: Foxfire
  1680 | D:2      | Learned a level 3 spell: Mephitic Cloud
  1683 | D:2      | Learned a level 2 spell: Call Imp
  1686 | D:2      | Learned a level 2 spell: Blink
  1690 | D:2      | Learned a level 3 spell: Conjure Flame
  1850 | D:2      | Reached skill level 1 in Fighting
  1895 | D:2      | Reached skill level 1 in Armour
  2263 | D:2      | Reached XP level 4. HP: 25/25 MP: 10/13
  2984 | D:3      | Noticed Sigmund
  2993 | D:3      | Killed Sigmund
  2994 | D:3      | Reached skill level 6 in Spellcasting
  2994 | D:3      | Reached skill level 1 in Fire Magic
  2994 | D:3      | Reached XP level 5. HP: 25/29 MP: 12/16
  3043 | D:3      | Found a faded altar of an unknown god.
  3083 | D:3      | Found a runed translucent door.
  3099 | D:3      | Found a blossoming altar of Fedhas.
  3122 | D:3      | Reached XP level 6. HP: 3/34 MP: 7/17
  3127 | D:3      | Learned a level 4 spell: Flame Wave
  3620 | D:3      | Noticed KoroneIsBestGirl's ghost (weakling BaFi)
  3862 | D:3      | Found a runed translucent door.
  3863 | D:3      | Noticed Crazy Yiuf
  4358 | D:3      | Killed KoroneIsBestGirl's ghost
  4359 | D:3      | Reached skill level 7 in Spellcasting
  4359 | D:3      | Reached skill level 1 in Air Magic
  4614 | D:3      | Killed Crazy Yiuf
  5016 | D:4      | Reached skill level 1 in Poison Magic
  5039 | D:4      | Reached XP level 7. HP: 38/38 MP: 0/20
  5513 | D:4      | Reached skill level 8 in Spellcasting
  5715 | D:4      | Noticed a steam dragon
  5723 | D:4      | Killed a steam dragon
  5734 | D:4      | Reached XP level 8. HP: 13/44 MP: 5/22
  6390 | D:5      | Entered Level 5 of the Dungeon
  6413 | D:5      | Reached skill level 9 in Spellcasting
  6559 | D:5      | Noticed Menkaure
  6564 | D:5      | Killed Menkaure
  6565 | D:5      | Reached skill level 5 in Conjurations
  6709 | D:5      | Reached skill level 10 in Spellcasting
  6809 | D:5      | Reached skill level 1 in Evocations
  6831 | D:5      | Found a hazy altar of Hepliaklqana.
  7016 | D:5      | Found a burning altar of Makhleb.
  7341 | D:6      | Found an ancient bone altar of Kikubaaqudgha.
  7390 | D:6      | Reached XP level 9. HP: 41/48 MP: 21/25
  7488 | D:6      | Reached skill level 5 in Fire Magic
  7531 | D:6      | Found a staircase to the Ecumenical Temple.
  7540 | Temple   | Entered the Ecumenical Temple
  7550 | Temple   | Became a worshipper of Vehumet
  7710 | D:6      | Reached skill level 11 in Spellcasting
  8285 | D:7      | Identified the +4 spear "Sousuko" {drain, Fly Str+4}
  8298 | D:7      | Noticed Duvessa
  8306 | D:7      | Noticed Dowan
  8520 | D:7      | Killed Duvessa
  8528 | D:7      | Killed Dowan
  8529 | D:7      | Reached skill level 12 in Spellcasting
  8714 | D:6      | Noticed a gargoyle
  8727 | D:6      | Killed a gargoyle
  8727 | D:6      | Reached * piety under Vehumet
  8727 | D:6      | Offered knowledge of Shock by Vehumet.
  8838 | D:6      | Reached XP level 10. HP: 50/56 MP: 20/28
  8899 | D:6      | Noticed Maggie
  8900 | D:6      | Noticed a cyclops
  8901 | D:6      | Noticed a two-headed ogre
  8907 | D:6      | Hit by a large rock thrown by a cyclops

Illustrated notes

Levels and vault maps discovered:
D:1:      elethiomel_arrival_infinity_welcomes_careful_drivers, layout_basic
D:2:      wad_woods_pond, layout_basic, st_stairs_10
D:3:      layout_basic, lemuel_tele_altar, ebering_ghost_sewer_d,
          shapermc_ecumenical_altar_venn, uniq_sigmund, uniq_crazy_yiuf_cottage
D:4:      minmay_chambers_of_fours, layout_cave_pools, minmay_manual_moon
D:5:      layout_cave_pools, makhleb_grotto_becter, mainiacjoe_overflow_catwalk,
          uniq_menkaure
D:6:      minmay_klotski, layout_loops_ring, lemuel_zombie_altar_kikubaaqudgha,
          minmay_temple_entry_mini_moons, hangedman_abyss_or_decor_slice,
          uniq_maggie
D:7:      layout_gridville, nicolae_overflow_hidden_temple, uniq_duvessa
Temple:   compressed_dpeg_triangle_lava_temple

Skill      XL: |  1  2  3  4  5  6  7  8  9 |
---------------+----------------------------+-----
Spellcasting   | 5 6 7 8 10 12 | 12.5
Fighting       | 1 2 3 |  3.4
Conjurations   | 2 3 4 5 7 |  7.0
Armour         | 1 2 3 |  3.0
Dodging        | 3 4 |  4.0
Fire Magic     | 1 2 3 4 6 |  6.3
Air Magic      | 1 |  1.1
Poison Magic   | 1 |  1.0
Stealth        | 3 |  3.0
Evocations     | 1 |  1.0
Summonings     | |  1.1
Translocations | |  1.1

Action                   |  1- 3 |  4- 6 |  7- 9 | 10-12 || total
-------------------------+-------+-------+-------+-------++-------
Melee: Dagger            |    11 |    32 |    52 |       ||    95
       Spear             |       |       |       |     2 ||     2
 Cast: Magic Dart        |    83 |     6 |    25 |       ||   114
       Foxfire           |    28 |    83 |   192 |       ||   303
       Conjure Flame     |     1 |       |     7 |     1 ||     9
       Mephitic Cloud    |       |     3 |    10 |       ||    13
       Blink             |       |     1 |     1 |       ||     2
       Call Imp          |       |     1 |       |       ||     1
       Flame Wave        |       |       |     4 |     1 ||     5
 Stab: Confused          |       |     2 |     1 |       ||     3
       Sleeping          |       |     1 |     1 |       ||     2
Armor: Robe              |     2 |     3 |       |       ||     5
       Leather armour    |       |     6 |     3 |       ||     9
       Steam dragon scal |       |       |    28 |       ||    28
Dodge: Dodged            |    15 |    28 |    76 |       ||   119

Table legend: (Time is in decaauts)
 A = Elapsed time spent in this place.
 B = Non-inter-level travel time spent in this place.
 C = Inter-level travel time spent in this place.
 D = Time resting spent in this place.
 E = Time spent auto-exploring this place.
 F = Levels seen in this place.
 G = Mean time per level.
                   A        B        C        D        E       F      G
               +--------+--------+--------+--------+--------+-----+--------+
         Total |   8913 |   8638 |    275 |    665 |   6804 |   8 | 1114.1 |
       Dungeon |   8892 |   8626 |    266 |    665 |   6803 |   7 | 1270.3 |
        Temple |     20 |     11 |      9 |      0 |      1 |   1 |   20.0 |
               +--------+--------+--------+--------+--------+-----+--------+

Top non-repeatable levels by time:
     D:3: 2062 daAuts
     D:1: 1647 daAuts
     D:4: 1602 daAuts
     D:6: 1258 daAuts
     D:2: 1199 daAuts
     D:5: 752 daAuts
     D:7: 369 daAuts
  Temple: 20 daAuts
